 Dungeon Crawl Stone Soup version 0.26-a0-753-g4680b4fa2e (webtiles) character file.

Game seed: 7986087258176092447

56 Forecaster the Stinger (level 3, -4/28 HPs)
             Began as a Naga Venom Mage on Nov 7, 2020.
             Killed from afar by a white imp (12 damage)
             ... with a puff of frost
             ... summoned by Natasha
             ... on level 2 of the Dungeon.
             The game lasted 00:06:14 (1875 turns).

Forecaster the Stinger (Naga Venom Mage)            Turns: 1875, Time: 00:06:15

Health: -4/28      AC:  2    Str: 10    XL:     3   Next: 97%
Magic:  1/7        EV: 10    Int: 16    God:
Gold:   100        SH:  0    Dex: 11    Spells: 4/7 levels left

rFire    . . .     SeeInvis +   i - +0 dagger
rCold    . . .     Faith    .   (no shield)
rNeg     + . .     Spirit   .   a - +0 robe
rPois    +         Reflect  .   (no helmet)
rElec    .         Harm     .   (no cloak)
rCorr    .         Rampage  .   (no gloves)
MR       .....                  (no barding)
Stlth    ++........             (no amulet)
HPRegen  0.09/turn              e - ring of positive energy
MPRegen  0.10/turn              (no ring)

@: very slow
A: large, see invisible, deformed body, poison resistance, slowness 2, spit
poison 1, AC +1
a: Spit Poison


You were on level 2 of the Dungeon.
You visited 1 branch of the dungeon, and saw 2 of its levels.

You collected 100 gold pieces.

Inventory:

Hand Weapons
 c - a +0 club
 h - a +0 spear
 i - a +0 dagger (weapon)
Armour
 a - a +0 robe (worn)
Jewellery
 e - a ring of positive energy (left hand)
Scrolls
 b - 2 scrolls of teleportation {unknown}
 f - a scroll of fog {unknown}
 k - a scroll of identify {unknown}
Potions
 d - a potion of degeneration {unknown}
 g - 2 potions of brilliance {unknown}
 j - a potion of haste {unknown}
 l - a potion of curing {unknown}


   Skills:
 + Level 0.2 Fighting
 + Level 1.0 Maces & Flails
 + Level 1.7 Dodging
 + Level 3.2 Stealth
 + Level 2.7 Spellcasting
 + Level 1.1 Transmutations
 + Level 0.3 Air Magic
 + Level 4.7 Poison Magic


You had 4 spell levels left.
You knew the following spells:

 Your Spells              Type           Power        Failure   Level
a - Sting                 Tmut/Pois      ##..         6%          1
b - Poisonous Vapours     Pois/Air       ##....       11%         2

Your spell library contained the following spells:

 Spells                   Type           Power        Failure   Level
 Ignite Poison            Fire/Tmut/Pois #.......     26%         3
 Olgreb's Toxic Radiance  Pois           ###.....     26%         4
 Mephitic Cloud           Conj/Pois/Air  #.......     28%         3


Dungeon Overview and Level Annotations

Branches:
Dungeon (2/15)

Altars:

Annotations:
D:2 Natasha, Robin


Innate Abilities, Weirdness & Mutations

You cannot wear boots.
Your serpentine skin is tough. (AC +1)
You have supernaturally acute eyesight. (SInv)
Armour fits poorly on your strangely shaped body.
Your system is resistant to poisons. (rPois)
You cover ground very slowly.
You can spit poison.


Message History

You kill the goblin!
The white imp gestures at you. The puff of frost hits you.
The white imp hits you. The white imp freezes you.
* * * LOW HITPOINT WARNING * * *
Things that are here:
a +0 dagger; a +0 club You hit the white imp.
The white imp is moderately wounded.
The white imp closely misses you.
You barely miss the white imp.
The white imp is moderately wounded.
The white imp hits you but does no damage.
The crimson imp blinks!
Natasha casts a spell.
You hit the white imp but do no damage.
The white imp is moderately wounded.
The white imp gestures at you. The puff of frost hits you!
You die...

......÷............†.......#
......#.......###..#......#######
......#.......# ##.#.............
......#.......# #.#.......#####.
......#.......# #.######..# #.
(.....#.......# #..# #..# #.
......######### ##.## #..# #.
..##### ##########..####..# #.
#.# #..55h5@..........#####. ..#
#.#########..###........ ..# #.
#........####### ..# .g
#.##..#.)# #.#


gg. #.#<#....# # ...g #.#.#.#..# ...g. #.#.#.#..# .ggg.g #.#.#....# #.#.#....#
You could see Natasha, a crimson imp (summoned) and 2 white imps.

Vanquished Creatures
  2 adders (D:2)
  A leopard gecko (D:1)
  7 bats
  11 goblins
  6 hobgoblins
  3 kobolds
  4 frilled lizards
  2 rats (D:1)
36 creatures vanquished.

Notes
Turn   | Place    | Note
-------+----------+-------------------------------------------
     0 | D:1      | Forecaster the Naga Venom Mage began the quest for the Orb.
     0 | D:1      | Reached XP level 1. HP: 15/15 MP: 3/3
   181 | D:1      | Reached XP level 2. HP: 18/22 MP: 1/5
   185 | D:1      | Learned a level 2 spell: Poisonous Vapours
   832 | D:1      | Reached skill level 1 in Maces & Flails
  1169 | D:2      | Reached XP level 3. HP: 19/28 MP: 3/6
  1838 | D:2      | Noticed Natasha
  1838 | D:2      | Noticed Robin
  1875 | D:2      | Killed from afar by a white imp

Illustrated notes

Levels and vault maps discovered:
D:1:      nzn_arrival_crosshair, layout_loops_corners
D:2:      layout_basic, minmay_misc_feat_hallway,
          chequers_serial_rivers_micro_d, minmay_tetromino_o2, uniq_natasha,
          uniq_robin

Skill      XL: |  1  2 |
---------------+-------+-----
Maces & Flails | 1 |  1.0
Fighting       | |  0.2
Dodging        | |  1.7
Stealth        | |  3.2
Spellcasting   | |  2.7
Transmutations | |  1.1
Air Magic      | |  0.3
Poison Magic   | |  4.7

Action                   || total
-------------------------++-------
Melee: Club              ||    13
       Unarmed           ||     1
       Dagger            ||    39
       Spear             ||     1
 Cast: Sting             ||     9
       Poisonous Vapours ||    27
 Stab: Sleeping          ||     1
Armor: Robe              ||     8
Dodge: Dodged            ||    33

Table legend: (Time is in decaauts)
 A = Elapsed time spent in this place.
 B = Non-inter-level travel time spent in this place.
 C = Inter-level travel time spent in this place.
 D = Time resting spent in this place.
 E = Time spent auto-exploring this place.
 F = Levels seen in this place.
 G = Mean time per level.
                   A        B        C        D        E       F      G
               +--------+--------+--------+--------+--------+-----+--------+
         Total |   2217 |   2181 |     36 |    223 |   1710 |   2 | 1108.5 |
       Dungeon |   2217 |   2181 |     36 |    223 |   1710 |   2 | 1108.5 |
               +--------+--------+--------+--------+--------+-----+--------+

Top non-repeatable levels by time:
     D:1: 1378 daAuts
     D:2: 839 daAuts
